 Dungeon Crawl Stone Soup version 0.30-a0-373-gd37427bb62 (webtiles) character file.

Game seed: 11183759711177498116

9 Shayle the Conjurer (level 2, 22/22 HPs)
             Began as a Demonspawn Reaver on Nov 24, 2022.
             Quit the game on level 1 of the Dungeon.
             The game lasted 00:00:37 (173 turns).

Shayle the Conjurer (Demonspawn Reaver)              Turns: 173, Time: 00:00:37

Health: 22/22      AC:  3    Str: 12    XL:     2   Next: 6%
Magic:  5/5        EV: 11    Int: 14    God:
Gold:   31         SH:  0    Dex: 11    Spells: 4/5 levels left

rFire   . . .      SeeInvis .    a - +0 hand axe
rCold   . . .      Faith    .    (no shield)
rNeg    . . .      Spirit   .    b - +0 leather armour
rPois   .          Reflect  .    (no helmet)
rElec   .          Harm     .    (no cloak)
rCorr   .          Rampage  .    (no gloves)
Will    .....                    (no boots)
Stlth   +.........               (no amulet)
HPRegen 0.23/turn                (no ring)
MPRegen 0.09/turn                (no ring)

@: no status effects
A: claws 1
a: no special abilities


You were on level 1 of the Dungeon.
You visited 1 branch of the dungeon, and saw 1 of its levels.

You collected 31 gold pieces.

Inventory:

Hand Weapons
 a - a +0 hand axe (weapon)
Armour
 b - a +0 leather armour (worn)
Scrolls
 c - a scroll of noise {unknown}
 e - a scroll of identify {unknown}
 f - a scroll of magic mapping {unknown}
Potions
 d - 2 potions of lignification {unknown}


   Skills:
 + Level 2.2 Fighting
 + Level 2.8 Axes
 + Level 2.0 Dodging
 + Level 0.6 Stealth
 - Level 2.0 Spellcasting
 - Level 3.0 Conjurations


You had 4 spell levels left.
You knew the following spells:

 Your Spells              Type           Power      Damage    Failure   Level
a - Kiss of Death         Conj/Necr      20%        2d7       16%         1

Your spell library contained the following spells:

 Spells                   Type           Power      Damage    Failure   Level
 Momentum Strike          Conj/Tloc      10%        3d8       24%         2
 Cigotuvi's Dreadful Rot  Necr/Pois/Air  2%         N/A       41%         2
 Poisonous Vapours        Pois/Air       2%         N/A       41%         2
 Hailstorm                Conj/Ice       5%         3d4       43%         3
 Mephitic Cloud           Conj/Pois/Air  4%         N/A       52%         3


Dungeon Overview and Level Annotations

Branches:
Dungeon (1/15)

Altars:


Innate Abilities, Weirdness & Mutations

You have sharp fingernails.


Message History

You see here a scroll labelled UCIOCI LIZADD.
f - a scroll labelled UCIOCI LIZADD The dart slug launches a dart at you.
The slug dart hits you.
You hit the dart slug.
The dart slug is heavily wounded.
You hit the plant.
The plant begins to die.
The dart slug closely misses you.
You hit the dart slug.
The dart slug is almost dead.
You hit the plant. You hit the dart slug but do no damage.
The dart slug is almost dead.
You hit the plant. The dart slug launches a dart at you.
The slug dart hits you.
You hit the dart slug.
You kill the dart slug!
You hit the dart slug but do no damage. You hit the plant.
The dart slug bites you.
A nearby plant withers and dies.
You hit the dart slug.
The dart slug is moderately wounded.
The dart slug misses you.
You hit the dart slug.
The dart slug is almost dead.
You hit the dart slug.
You kill the dart slug!
Your Dodging skill increases to level 2!
You have reached level 2!
Your demonic ancestry asserts itself...
Your fingernails lengthen.
You pick up a book of Vapours and begin reading...
You add the spells Poisonous Vapours, Cigotuvi's Dreadful Rot and Mephitic Cloud to your library.
You enter the shallow water.
Moving in this stuff is going to be slow.
You enter the shallow water.
Moving in this stuff is going to be slow.
Found an escape hatch in the floor.
You now have 31 gold pieces (gained 5).
Are you sure you want to abandon this character and quit the game? (Confirm with "yes".)

. #....# #.# #.#
###..#### #.###.##
##....# #.....# #....#
#.....#
..####....####.)...#
....................#
##.####.............##
####.####....P..........
#..>...@.....~PPP.......
#.####...##.~~~~~PPP....
###..#.~~~♣♣~~~~...
##...~~♣♣♣♣~P~...
#....#P~P♣ ♣~~P...
#.####P~~♣♣♣♣P~P.♣.
.#.####.P~P~♣♣~~..♣~
........P~P~P~P.....
...####...~PP~~....♣


There were no monsters in sight!

Vanquished Creatures
  2 dart slugs (D:1)
  2 ball pythons (D:1)
  A goblin (D:1)
5 creatures vanquished.

Vanquished Creatures (others)
  A plant (D:1)
1 creature vanquished.

Grand Total: 6 creatures vanquished

Notes
Turn   | Place    | Note
-------+----------+-------------------------------------------
     0 | D:1      | Shayle the Demonspawn Reaver began the quest for the Orb.
     0 | D:1      | Reached XP level 1. HP: 16/16 MP: 3/3
   116 | D:1      | Gained mutation: You have sharp fingernails. [demonic
                  | ancestry]
   116 | D:1      | Reached XP level 2. HP: 13/22 MP: 5/5
   173 | D:1      | Quit the game

Illustrated notes

Levels and vault maps discovered:
D:1:      lemuel_arrival_rhombus, layout_rooms, serial_bayou,
          serial_bayou_pond_b, serial_bayou_shore_a, serial_bayou_pond_c,
          serial_bayou_shore_b, minivault_24

Skill      XL: |  1 |
---------------+----+-----
Dodging        | 2 |  2.0
Fighting       | |  2.2
Axes           | |  2.8
Stealth        | |  0.6
Spellcasting   | |  2.0
Conjurations   | |  3.0

Action                   || total
-------------------------++-------
Melee: Hand axe          ||    14
Armor: Leather armour    ||     3
Dodge: Dodged            ||     9

Table legend: (Time is in decaauts)
 A = Elapsed time spent in this place.
 B = Non-inter-level travel time spent in this place.
 C = Inter-level travel time spent in this place.
 D = Time resting spent in this place.
 E = Time spent auto-exploring this place.
 F = Levels seen in this place.
 G = Mean time per level.
                   A        B        C        D        E       F      G
               +--------+--------+--------+--------+--------+-----+--------+
         Total |    178 |    178 |      0 |      6 |    100 |   1 |  178.0 |
       Dungeon |    178 |    178 |      0 |      6 |    100 |   1 |  178.0 |
               +--------+--------+--------+--------+--------+-----+--------+

Top non-repeatable levels by time:
     D:1: 178 daAuts
